AoeStats
← tony le gros rou

African Clearing

505845711Analyzed
3v3 RM · 21d ago on Sep 11, 2026· 32m 32s· 6 players
Game mode
Random Map
Map size
Normal (6 player)
Population
200
Speed
Normal
Resources
Standard
Victory
Conquest
Starting age
Dark Age
Ending age
Imperial Age
RankedLock teamsTeams togetherTeam positionsShared explorationLock speedFull tech treeHidden civsTurbo modeCheats
Victory
Defeat
🇫🇷 Italians · France
1640
+10
🇫🇷 Maya · France
1470
+17
🇫🇷 Britons · France
1446
+18
🇯🇵 Berbers · Japan
1631
-21
🇬🇧 Bengalis · United Kingdom
1473
-14
🇭🇰 Teutons · Hong Kong SAR China
1358
-10
happy gay
11:05 Feudal Age
12:20 Loom
大庆Song
11:03 Loom
13:43 Feudal Age
19:23 Castle Age
18:17 Double-Bit Axe
19:18 Fletching
GrimLOL
12:52 Feudal Age
tony le gros rou
8:02 Loom
12:54 Feudal Age
17:17 Castle Age
18:03 Fletching
18:13 Padded Archer Armor
18:44 Bodkin Arrow
31:33 Double-Bit Axe
ccereal
11:04 Loom
13:13 Feudal Age
13:57 Double-Bit Axe
16:58 Castle Age
17:52 Bow Saw
18:46 Horse Collar
24:33 Wheelbarrow
28:11 Hand Cart
28:29 Heavy Plow
28:21 Gold Mining
28:33 Town Watch
29:59 Gold Shaft Mining
29:15 Stone Mining
33:24 Imperial Age
30:55 Town Patrol
31:05 Fletching
31:15 Padded Archer Armor
31:37 Ballistics
32:27 Bodkin Arrow
32:47 Leather Archer Armor
33:29 Coinage
-2n+2q
8:36 Loom
10:50 Feudal Age
11:23 Double-Bit Axe
19:12 Castle Age
19:50 Fletching
20:15 Horse Collar
20:46 Bow Saw
29:23 Wheelbarrow
Connection lost

Rejoining the realm…

Still unreachable

The connection could not be restored.

Session expired

The server has moved on; the page needs a fresh start.